 Dungeon Crawl Stone Soup version 0.20-a0-891-ga2611f4 (webtiles) character file.

121 Nvm9 the Covered (level 4, -7/35 HPs)
             Began as a Demonspawn Fighter on Mar 16, 2017.
             Mangled by Sigmund
             ... wielding a +0 scythe
              (9 damage)
             ... on level 3 of the Dungeon.
             The game lasted 00:03:10 (2229 turns).

Nvm9 the Covered (Demonspawn Fighter)               Turns: 2229, Time: 00:03:11

Health: -7/35      AC: 12    Str: 17    XL:     4   Next: 77%
Magic:  4/4        EV:  2    Int:  9    God:
Gold:   106        SH:  0    Dex: 13    Spells: 3/3 levels left

rFire    + . .     SeeInvis .   a - +0 war axe
rCold    . . .     Gourm    .   k - +0 plate armour
rNeg     . . .     Faith    .   c - +0 shield
rPois    .         Spirit   .   (helmet restricted)
rElec    .         Reflect  .   (no cloak)
rCorr    .         Harm     .   (no gloves)
MR       .....                  (no boots)
Stlth    ..........             r - amulet of regeneration
Regen    0.6/turn               (no ring)
MPRegen  0.1/turn               (no ring)

@: confused
A: horns 2, talons 1, fire resistance 1, shaggy fur 1, rot immunity
a: no special abilities


You were on level 3 of the Dungeon.
You were hungry.

You visited 1 branch of the dungeon, and saw 3 of its levels.

You collected 106 gold pieces.

Inventory:

Hand Weapons
 a - a +0 war axe (weapon)
Missiles
 i - 8 javelins (quivered)
Armour
 b - a +0 scale mail
 c - a +0 shield (worn)
 k - a +0 plate armour (worn)
Jewellery
 n - an uncursed amulet of faith {unknown}
 r - an amulet of regeneration (around neck)
Scrolls
 g - 2 scrolls of teleportation {unknown}
 j - a scroll of fog {unknown}
 l - a scroll of identify {unknown}
 m - a scroll of remove curse {unknown}
 o - 3 scrolls of enchant armour {unknown}
Potions
 d - 2 potions of might
 e - 2 potions of flight
 s - a potion of ambrosia {unknown}
Comestibles
 f - a bread ration
 h - 2 meat rations
 p - 2 fruits
 q - a royal jelly


   Skills:
 + Level 3.5 Fighting
 + Level 2.6 Axes
 + Level 1.0 Throwing
 * Level 3.7 Armour
 + Level 3.0 Shields


You had 3 spell levels left.
You didn't know any spells.

Dungeon Overview and Level Annotations

Branches:
Dungeon (3/15)

Altars:
Ashenzari
Uskayaw

Annotations:
D:3 Sigmund


Innate Abilities, Weirdness & Mutations

You have a pair of horns on your head.
You are immune to rotting.
You have sharp toenails.
Your flesh is heat resistant. (rF+)
You are covered in fur. (AC +1)


Message History

You are confused.
You bump into the rock wall.
Something hits you!
* * * LOW HITPOINT WARNING * * *
You bump into the rock wall.
Your plate armour prevents you from hitting something.
You claw something. Something hits you.
* * * LOW HITPOINT WARNING * * *
You bump into the rock wall.
Something hits you but does no damage.
You hear some strange, mumbled words.
You are more confused.
Something hits you but does no damage.
Things that are here:
a club; a ring mail You bump into the rock wall.
You closely miss something. Your headbutt misses something. Something hits you!
* * * LOW HITPOINT WARNING * * *
You miss something. Something hits you.
* * * LOW HITPOINT WARNING * * *
Something hits you!
You die...

####..#
#...##.#
#..#
##..##.#
#..#
#..##.#
#..#
#..##.#
#..# #.#
#..# #.#
#..# # #.#
#..#
#####.###.#
......{)@.#
#####.#####
#


There were no monsters in sight!

Vanquished Creatures
  Ijyb (D:3)
  2 adders
  2 oozes
  A worm (D:2)
  A dart slug (D:1)
  3 leopard geckos (D:1)
  2 giant cockroaches
  6 goblins
  7 hobgoblins
  9 jackals (D:1)
  6 kobolds
  3 ball pythons
  5 bats
  3 frilled lizards
  8 rats
59 creatures vanquished.

Notes
Turn   | Place    | Note
-------+----------+-------------------------------------------
     0 | D:1      | Nvm9 the Demonspawn Fighter began the quest for the Orb.
     0 | D:1      | Reached XP level 1. HP: 18/18 MP: 1/1
    76 | D:1      | Gained mutation: You are immune to rotting. [demonic ancestry]
    76 | D:1      | Reached XP level 2. HP: 16/24 MP: 2/2
   725 | D:1      | Gained mutation: You have a pair of small horns on your head. [demonic ancestry]
   725 | D:1      | Reached XP level 3. HP: 29/29 MP: 3/3
  1347 | D:2      | Found a shattered altar of Ashenzari.
  1450 | D:2      | Found a hide-covered altar of Uskayaw.
  1672 | D:2      | Gained mutation: You are covered in fur. (AC +1) [potion of mutation]
  1672 | D:2      | Gained mutation: You have sharp toenails. [potion of mutation]
  1672 | D:2      | Gained mutation: Your flesh is heat resistant. (rF+) [potion of mutation]
  1681 | D:2      | Gained mutation: You have a pair of horns on your head. [demonic ancestry]
  1681 | D:2      | Reached XP level 4. HP: 13/35 MP: 4/4
  2204 | D:3      | Noticed Sigmund
  2204 | D:3      | Noticed Ijyb
  2216 | D:3      | Killed Ijyb
  2216 | D:3      | Reached skill level 1 in Throwing
  2229 | D:3      | Mangled by Sigmund

Vault maps used:
D:1:      nicolae_arrival_washed_ashore, minmay_tromino_v7
D:2:      eat_drink_and_be_merry_uskayaw, lemuel_crystal_altar,
          minmay_split_cup_large
D:3:      nicolae_overflow_crystal_walls, marbit_many_paths, xom_redecorated,
          grunt_qazlal_clouds, uniq_sigmund, uniq_iyjb

Skill      XL: |  1  2  3  4 |
---------------+-------------+-----
Axes           | 2 |  2.6
Armour         | 3 |  3.7
Shields        | 3 |  3.0
Throwing       | 1 |  1.0
Fighting       | |  3.5

Action                   |  1- 3 |  4- 6 || total
-------------------------+-------+-------++-------
Melee: War axe           |   144 |    33 ||   177
       Headbutt          |    10 |     6 ||    16
       Kick              |     3 |     7 ||    10
  Use: Potion            |     4 |       ||     4
  Eat: Chunk             |     2 |     2 ||     4
Armor: Scale mail        |    40 |       ||    40
       Plate armour      |    78 |    22 ||   100
Dodge: Dodged            |    31 |     2 ||    33
Block: Shield            |    84 |    17 ||   101
